 Dungeon Crawl Stone Soup version 0.21.1-1-g345015f (webtiles) character file.

6 avan the Grasshopper (level 1, -2/19 HPs)
             Began as a Naga Warper on June 8, 2018.
             Slain by a hobgoblin
             ... wielding a +0 club
              (4 damage)
             ... on level 1 of the Dungeon.
             The game lasted 00:01:33 (393 turns).

avan the Grasshopper (Naga Warper)                   Turns: 393, Time: 00:01:34

Health: -2/19      AC:  1    Str: 13    XL:     1   Next: 90%
Magic:  3/3        EV:  9    Int: 13    God:
Gold:   27         SH:  0    Dex: 10    Spells: 4/4 levels left

rFire    . . .     SeeInvis +   a - +0 mace
rCold    . . .     Gourm    .   (no shield)
rNeg     . . .     Faith    .   b - +0 leather armour
rPois    +         Spirit   .   (no helmet)
rElec    .         Reflect  .   (no cloak)
rCorr    .         Harm     .   (no gloves)
MR       .....                  (no barding)
Stlth    +.........             (no amulet)
HPRegen  0.06/turn              (no ring)
MPRegen  0.08/turn              (no ring)

@: very slow
A: large, see invisible, deformed body, poison resistance, slowness 2, slow
metabolism 1, spit poison 1, AC +0
a: Spit Poison


You were on level 1 of the Dungeon.
You were not hungry.

You visited 1 branch of the dungeon, and saw 1 of its levels.

You collected 27 gold pieces.

Inventory:

Hand Weapons
 a - a +0 mace (weapon)
Missiles
 e - 5 tomahawks of dispersal (quivered)
Armour
 b - a +0 leather armour (worn)
Scrolls
 d - a scroll of blinking
 g - a scroll of amnesia {unknown}
 h - a scroll of fog {unknown}
Books
 c - a book of Spatial Translocations

   Spells                             Type                      Level
   a - Blink                          Translocation                2
   b - Shroud of Golubria             Charms/Translocation         2
   c - Lesser Beckoning               Translocation                3
   d - Gell's Gravitas                Translocation                3
   e - Teleport Other                 Translocation                3
   f - Passage of Golubria            Translocation                4
Comestibles
 f - 2 rations


   Skills:
 - Level 2.0 Fighting
 * Level 2.3 Maces & Flails
 - Level 1.0 Throwing
 - Level 0.7 Armour
 - Level 1.7 Dodging
 - Level 2.0 Spellcasting
   Level 3.0 Translocations


You had 4 spell levels left.
You didn't know any spells.

Dungeon Overview and Level Annotations

Branches:
Dungeon (1/15)

Altars:


Innate Abilities, Weirdness & Mutations

You cannot wear boots.
Your serpentine skin is tough. (AC +0)
You have supernaturally acute eyesight. (SInv)
Armour fits poorly on your strangely shaped body.
Your system is resistant to poisons. (rPois)
You cover ground very slowly.
You have a slow metabolism.
You can spit poison.


Message History

The hobgoblin shouts!
You hear a shout! x2
The hobgoblin closely misses you. x2
A hobgoblin is nearby!
You barely miss the hobgoblin. The hobgoblin barely misses you.
A hobgoblin comes into view. It is wielding a club.
You hit the hobgoblin.
You kill the hobgoblin!
A hobgoblin comes into view.
The hobgoblin hits you. The hobgoblin barely misses you.
You hit the hobgoblin.
The hobgoblin is almost dead.
The hobgoblin hits you but does no damage.
You hit the hobgoblin.
You kill the hobgoblin!
You hit the hobgoblin but do no damage. The hobgoblin hits you with a club.
You hit the hobgoblin but do no damage. The hobgoblin hits you with a club.
You hit the hobgoblin but do no damage. The hobgoblin hits you with a club. x2
* * * LOW HITPOINT WARNING * * *
You barely miss the hobgoblin. The hobgoblin hits you with a club.
You die...

.......# .......# ##
....... #.. ##
......######.# .##
.............. ..
....รท.....##
.####.# ......##...#
#.#...#
...........###)##..#
####.##....#..#g@#.#
####.##.....##.###.#
.....##......#.# ..
#######....####. #.#
##########.# .. .#
....... ... ... ..
####### ##### #####


You could see a hobgoblin.

Vanquished Creatures
  2 bats (D:1)
  2 hobgoblins (D:1)
  2 rats (D:1)
6 creatures vanquished.

Notes
Turn   | Place    | Note
-------+----------+-------------------------------------------
     0 | D:1      | avan the Naga Warper began the quest for the Orb.
     0 | D:1      | Reached XP level 1. HP: 19/19 MP: 3/3
    12 | D:1      | Reached skill level 1 in Throwing
   393 | D:1      | Slain by a hobgoblin

Skill      XL: |  1 |
---------------+----+-----
Throwing       | 1 |  1.0
Fighting       | |  2.0
Maces & Flails | |  2.3
Armour         | |  0.7
Dodging        | |  1.7
Spellcasting   | |  2.0
Translocations | |  3.0

Action                   || total
-------------------------++-------
Melee: Mace              ||    22
 Abil: Spit Poison       ||     2
Armor: Leather armour    ||     9
Dodge: Dodged            ||    20
